Map: Abiogenesis LE

Players

axu - Winner!

  • Race: Protoss Protoss
  • League: Platinum
  • Spawn Location: 5:00

VOD

Have the link to the VOD?

Description

Time

  • Played on: May 10, 2018, 1:28 p.m.
  • Length: 13:14
Show
View Real Time Build Order
Export as new Build Order

axu Protoss - Winner!

Build Orders:  

Get SALT Encoding   

  12  0:06  Probe (Chrono Boost)  
  13  0:23  Probe (Chrono Boost)  
  14  0:30  Pylon  
  14  0:39  Probe (Chrono Boost)  
  15  0:57  Probe (Chrono Boost)  
  15  0:59  Gateway  
  16  1:12  Assimilator  
  16  1:14  Probe (Chrono Boost)  
  17  1:25  Probe (Chrono Boost)  
  18  1:36  Probe (Chrono Boost)  
  20  2:01  Probe (Chrono Boost)  
  20  2:07  Nexus  
  20  2:22  Probe (Chrono Boost)  
  20  2:24  Cybernetics Core  
  21  2:39  Assimilator  
  21  2:46  Pylon  
  21  2:48  Probe (Chrono Boost)  
  22  3:05  Probe (Chrono Boost)  
  25  3:22  Probe (Chrono Boost)  
  27  3:42  Probe (Chrono Boost)  
  27  3:50  Twilight Council  
  27  3:56  Unknown  
  27  4:01  Gateway  
  27  4:05  Pylon  
  29  4:11  Probe x2 (Chrono Boost)  
  31  4:28  Probe x2 (Chrono Boost)  
  33  4:31  Pylon  
  33  4:45  Probe x2 (Chrono Boost)  
  35  4:52  Unknown  
  35  4:57  Warp Gate  
  37  5:02  Probe x2 (Chrono Boost)  
  41  5:18  Gateway  
  41  5:19  Probe x2 (Chrono Boost)  
  43  5:22  Gateway  
  43  5:35  Probe (Chrono Boost)  
  43  5:36  Probe (Chrono Boost)  
  43  5:38  Robotics Facility  
  43  5:39  Unknown  
  45  5:45  Unknown  
  45  5:54  Probe x2 (Chrono Boost)  
  45  5:58  Assimilator  
  47  6:12  Pylon  
  47  6:18  Pylon  
  47  6:19  Assimilator  
  47  6:23  Adept  
  47  6:24  Adept  
  51  6:36  Unknown x6  
  51  6:39  Adept  
  53  6:40  Adept  
  53  6:46  Unknown  
  53  6:47  Unknown x2  
  55  6:55  Observer  
  56  7:05  Unknown x7  
  54  7:24  Unknown x7  
  54  7:31  Immortal  
  54  7:44  Adept x3  
  54  7:45  Adept  
  64  8:23  Immortal  
  64  8:24  Probe x2 (Chrono Boost)  
  70  8:32  Gateway  
  70  8:33  Gateway  
  70  8:34  Gateway  
  70  8:38  Gateway  
  72  8:41  Probe x2 (Chrono Boost)  
  72  8:42  Pylon  
  72  8:44  Stalker x2, Pylon  
  72  8:45  Stalker  
  72  8:47  Pylon  
  78  8:53  Pylon  
  78  9:09  Pylon  
  80  9:10  Probe x2 (Chrono Boost)  
  80  9:14  Pylon  
  80  9:18  Warp Prism  
  80  9:19  Templar Archives  
  82  9:21  Sentry  
  82  9:22  Sentry x3  
  90  10:04  Stalker x3  
  90  10:05  Stalker x3  
  90  10:06  Stalker  
  104  10:10  Stalker  
  104  10:11  Nexus  
  98  10:51  Stalker  
  98  10:52  Stalker x2  
  98  10:53  Stalker x2  
  108  11:59  Zealot x4  
  116  12:00  Zealot  
  116  12:01  Zealot x3  
  124  12:15  Pylon  
  124  12:18  Pylon  
  124  12:22  Pylon  
  124  12:25  Assimilator  
  124  12:28  Forge x2  
  124  12:31  Assimilator  
  124  12:37  Zealot  
  130  12:53  Zealot x2  
  130  12:54  Zealot x2  
  130  12:56  Zealot  
  140  13:07  Pylon  
  140  13:09  Pylon  
  140  13:12  Pylon  
Tags
 
Add a new tag
Caveats
  • Supply blocks, unpowered buildings, or Contaminate may cause inaccurate times.
  • Supply counts are checked every 10 seconds.